 Dungeon Crawl Stone Soup version 0.29-a0-275-g389c0b56f3 (webtiles) character file.

Game seed: 7341456848901358141

774 ders the Digger (level 7, -9/36 HPs)
             Began as a Gargoyle Earth Elementalist on Mar 12, 2022.
             Was an Initiate of Vehumet.
             Mangled by an ogre
             ... wielding a +0 giant club
              (23 damage)
             ... on level 5 of the Dungeon.
             The game lasted 00:06:34 (5381 turns).

ders the Digger (Gargoyle Earth Elementalist)       Turns: 5381, Time: 00:06:35

Health: -9/36      AC:  8    Str: 11    XL:     7   Next: 84%
Magic:  0/13       EV: 11    Int: 24    God:    Vehumet [......]
Gold:   231        SH:  5    Dex: 10    Spells: 8/15 levels left

rFire   . . .      SeeInvis .   p - staff of air
rCold   . . .      Faith    .   (no shield)
rNeg    + . .      Spirit   .   b - +0 robe
rPois   ∞          Reflect  +   u - +1 helmet
rElec   +          Harm     .   (no cloak)
rCorr   .          Rampage  .   (no gloves)
Will    +....                   (no boots)
Stlth   ++........              k - amulet of reflection
HPRegen 0.12/turn               n - +6 ring of intelligence
MPRegen 0.13/turn               h - ring of willpower

@: no status effects
A: sickness immunity, AC +4, negative energy resistance 1, electricity
resistance, torment resistance 1, petrification resistance
a: Renounce Religion


You were on level 5 of the Dungeon.
You worshipped Vehumet.
Vehumet was noncommittal.
You visited 2 branches of the dungeon, and saw 6 of its levels.

You collected 231 gold pieces.

Inventory:

Hand Weapons
 m - a +0 short sword
Missiles
 a - 36 stones
Armour
 b - a +0 robe (worn)
 u - a +1 helmet (worn)
Magical Staves
 p - a staff of air (weapon)
Jewellery
 h - a ring of willpower (right hand)
 k - an amulet of reflection (around neck)
 n - a +6 ring of intelligence (left hand)
 r - an amulet of guardian spirit
Wands
 t - a wand of digging (7)
Scrolls
 d - 4 scrolls of teleportation
 o - 3 scrolls of identify
Potions
 c - a potion of ambrosia
 f - 3 potions of curing
 i - 2 potions of invisibility {unknown}
 j - 3 potions of lignification {unknown}
 l - 2 potions of heal wounds {unknown}


   Skills:
 - Level 1.5 Dodging
 - Level 2.1 Stealth
 + Level 4.6 Spellcasting
 + Level 4.8 Conjurations
 - Level 0.7 Transmutations
 + Level 1.8 Air Magic
 + Level 6.6 Earth Magic


You had 8 spell levels left.
You knew the following spells:

 Your Spells              Type           Power      Damage    Failure   Level
a - Sandblast             Erth           74%        2d16      1%          1
b - Stone Arrow           Conj/Erth      66%        3d11      2%          3
c - Swiftness             Air            21%        N/A       13%         3

Your spell library contained the following spells:

 Spells                   Type           Power      Damage    Failure   Level
 Passwall                 Tmut/Erth      19%        N/A       3%          2
 Freeze                   Ice            20%        1d4       10%         1
 Ensorcelled Hibernation  Hex/Ice        10%        N/A       14%         2
 Petrify                  Tmut/Erth      23%        N/A       21%         4
 Frozen Ramparts          Ice            10%        1d3       28%         3
 Hailstorm                Conj/Ice       17%        3d6       34%         4
 Airstrike                Air            10%        N/A       38%         4
 Summon Lightning Spire   Summ/Air       15%        N/A       52%         4
 Lightning Bolt           Conj/Air       16%        1d30      54%         5
 Ice Form                 Ice/Tmut       7%         N/A       61%         4
 Simulacrum               Ice/Necr       2%         N/A       100%        6


Dungeon Overview and Level Annotations

Branches:
Dungeon (5/15)             Temple (1/1) D:5

Altars:
Ashenzari
Cheibriados
Elyvilon
Gozag
Hepliaklqana
Makhleb
Nemelex Xobeh
Okawaru
Qazlal
Ru
Sif Muna
Uskayaw
Vehumet
Wu Jian
Xom
Yredelemnul
Zin
The Shining One


Innate Abilities, Weirdness & Mutations

You are immune to sickness and miasma.
Your stone body is resilient. (AC +4)
You are immune to poison.
You resist negative energy. (rN+)
You are resistant to electric shocks. (rElec)
You are resistant to unholy torment.
You are immune to petrification.


Message History

Casting: Sandblast (safe; 1% risk of failure)
Confirm with . or Enter, or press ? or * to list all spells.
Aiming: Sandblast (safe; 1% risk of failure)
Press: ? - help, Shift-Dir - straight line, f/p - ogre
Aim: an ogre, wielding a +0 giant club (heavily wounded, 91% to hit)
The blast of sand misses the ogre.
You block the ogre's attack.
Unknown command.
Okay, then.
As you read the scroll labelled ZOKIRO ITIOBO, it crumbles to dust.
You hear a loud clanging noise!
It was a scroll of noise.
You hear a bark!
You hear an angry hiss.
You hear a shout! x2
The orc wizard gestures wildly while chanting.
The orc wizard flickers and vanishes!
Deactivating autopickup; reactivate with Ctrl-A.
You block the ogre's attack.
As you read the scroll labelled SULOAT HUIKHLUBB, it crumbles to dust.
The scroll dissolves into smoke.
It was a scroll of fog.
Casting: Sandblast (safe; 1% risk of failure)
Confirm with . or Enter, or press ? or * to list all spells.
Aiming: Sandblast (safe; 1% risk of failure)
Press: ? - help, Shift-Dir - straight line, f/p - ogre
Aim: an ogre, wielding a +0 giant club (black smoke, heavily wounded, 91% to hit)
The blast of sand hits the ogre.
The ogre is severely wounded.
You block the ogre's attack.
Unknown command.
Okay, then.
As you read the scroll labelled LIOHODA UWUUD, it crumbles to dust.
The creatures around you are filled with an inner flame!
It was a scroll of immolation.
The ogre hits you with a +0 giant club!
This is a scroll of acquirement!
Something appears at your feet!
Okay, then.
As you read the scroll labelled ZOGEILYNAA, it crumbles to dust.
It is a scroll of identify.
d - 4 scrolls of teleportation The ogre hits you with a +0 giant club!!
Ouch! That really hurt!
You die...

#).....# #......# #####
#.>....# ##...## #......#
##.....## #......# #.......#
###..### #.......# ######...
#...####.......#
........########.............##
................@#.#8>8......<#
........#######O##.###........#
........# #§§§.##..##........#
........# ##§#####.....#.....##
........###{§#####..#####...##
........##§§###..(..# #####
.....#..§{§###..###.##
.....#..######. #..#
.....$.......#.#####.########


You could see an ogre (inner flame).

Vanquished Creatures
  An ice beast (D:5)
  A black bear (D:5)
  An ogre (D:3)
  2 phantoms
  A kobold brigand (D:5)
  An orc priest (D:5)
  2 orc wizards
  7 gnolls
  6 adders
  A shadow imp (D:5)
  A worm (D:2)
  2 dart slugs
  12 orcs
  5 ball pythons
  4 endoplasms
  3 giant cockroaches
  7 goblins
  5 hobgoblins
  3 jackals (D:3)
  10 kobolds
  3 quokkas
  A bat (D:1)
  A frilled lizard (D:3)
  5 rats
85 creatures vanquished.

Notes
Turn   | Place    | Note
-------+----------+-------------------------------------------
     0 | D:1      | ders the Gargoyle Earth Elementalist began the quest for
                  | the Orb.
     0 | D:1      | Reached XP level 1. HP: 10/10 MP: 3/3
   283 | D:1      | Reached skill level 1 in Conjurations
   283 | D:1      | Reached XP level 2. HP: 15/15 MP: 1/5
   333 | D:1      | Reached skill level 4 in Earth Magic
   535 | D:1      | Found a faded altar of an unknown god.
   917 | D:2      | Reached XP level 3. HP: 19/19 MP: 2/6
   993 | D:2      | Learned a level 3 spell: Stone Arrow
   997 | D:2      | Learned a level 3 spell: Swiftness
  1328 | D:2      | Reached XP level 4. HP: 15/24 MP: 4/8
  1441 | D:2      | Noticed a phantom
  1453 | D:2      | Killed a phantom
  1454 | D:2      | Reached XP level 5. HP: 4/28 MP: 3/9
  1942 | D:2      | Reached skill level 5 in Earth Magic
  1964 | D:2      | Identified the +1 ring mail of Bellicose Life {rPois}
  2255 | D:3      | Noticed an ogre
  2821 | D:2      | Reached XP level 6. HP: 24/32 MP: 11/11
  4237 | D:4      | Reached skill level 6 in Earth Magic
  4237 | D:4      | Reached XP level 7. HP: 36/36 MP: 3/13
  4627 | D:5      | Entered Level 5 of the Dungeon
  4633 | D:5      | Reached skill level 1 in Air Magic
  4826 | D:5      | Found a staircase to the Ecumenical Temple.
  4846 | Temple   | Entered the Ecumenical Temple
  4987 | Temple   | Became a worshipper of Vehumet
  5380 | D:5      | Identified a scroll of acquirement
  5380 | D:5      | Acquired a staff of earth
  5381 | D:5      | Mangled by an ogre

Illustrated notes

Levels and vault maps discovered:
D:1:      onia_arrival_pentagram, layout_rooms,
          shapermc_ecumenical_altar_notcrosses, hangedman_decor_lopped,
          minmay_stone_trees_small, minmay_door_square
D:2:      layout_loops_cross, minmay_liquid_box, grunt_decor_resistance,
          kennysheep_big_empty_room
D:3:      kennysheep_big_flooded_room, layout_basic
D:4:      layout_rooms
D:5:      layout_rooms, temple_statues, chequers_serial_rivers_small_b,
          kennysheep_small_circle
Temple:   regret_index_temple_mists

Skill      XL: |  1  2  3  4  5  6  7 |
---------------+----------------------+-----
Conjurations   | 1 2 3 4 |  4.8
Earth Magic    | 4 5 6 |  6.6
Spellcasting   | 3 4 |  4.6
Air Magic      | 1 |  1.8
Dodging        | |  1.5
Stealth        | |  2.1
Transmutations | |  0.7

Action                   |  1- 3 |  4- 6 |  7- 9 || total
-------------------------+-------+-------+-------++-------
Melee: Unarmed           |     6 |     3 |       ||     9
       Short sword       |       |     3 |       ||     3
       Staff             |       |       |     7 ||     7
 Cast: Sandblast         |    28 |    29 |     9 ||    66
       Stone Arrow       |       |    41 |    24 ||    65
  Use: Potion            |       |     3 |       ||     3
       Scroll            |       |       |     5 ||     5
Armor: Robe              |     7 |    54 |    11 ||    72
Dodge: Dodged            |     5 |    54 |    19 ||    78
Block: Other             |       |       |     3 ||     3

Table legend: (Time is in decaauts)
 A = Elapsed time spent in this place.
 B = Non-inter-level travel time spent in this place.
 C = Inter-level travel time spent in this place.
 D = Time resting spent in this place.
 E = Time spent auto-exploring this place.
 F = Levels seen in this place.
 G = Mean time per level.
                   A        B        C        D        E       F      G
               +--------+--------+--------+--------+--------+-----+--------+
         Total |   5421 |   5144 |    277 |    975 |   3566 |   6 |  903.5 |
       Dungeon |   5225 |   4982 |    243 |    975 |   3423 |   5 | 1045.0 |
        Temple |    196 |    162 |     34 |      0 |    142 |   1 |  196.0 |
               +--------+--------+--------+--------+--------+-----+--------+

Top non-repeatable levels by time:
     D:2: 1769 daAuts
     D:4: 1170 daAuts
     D:3: 1090 daAuts
     D:1: 912 daAuts
     D:5: 283 daAuts
  Temple: 196 daAuts
